TOP OF THE 1ST |
Vermont Lake Monsters batting - Pitching for Spokane Indians : RHP Erik Sever
|
Pitching: RHP Erik Sever
|
|
Batting: RHB Armando Estrada
|
0-0: Ball 1-0: Fly out, F8 (Flyball, 8RXD, EV 104.4 MPH)
|
Batting: RHB Eduardo Chavez
|
0-0: Foul Ball, location: 2F 0-1: Ball 1-1: Ball 2-1: Foul Ball, location: 2F 2-2: Ground out 4-3 (Groundball, 4, EV 90.0 MPH)
|
Batting: LHB Chance Stever
|
0-0: Called Strike 0-1: Ball 1-1: DOUBLE (Groundball, 3L, EV 101.9 MPH)
|
Batting: RHB Jonathan Gallup
|
0-0: Called Strike 0-1: Fly out, F9 (Flyball, 89D, EV 91.9 MPH)
|
Top of the 1st over - 0 runs, 1 hit, 0 errors, 1 left on base; Vermont 0 - Spokane 0 |
BOTTOM OF THE 1ST |
Spokane Indians batting - Pitching for Vermont Lake Monsters : LHP Shane Stratton
|
Pitching: LHP Shane Stratton
|
|
Batting: RHB Josh Hamilton
|
0-0: Foul Ball, location: 2F 0-1: Ball 1-1: Hit by Pitch
|
Batting: RHB Andrew Clarke
|
0-0: Ball 1-0: Ball 2-0: Called Strike 2-1: Foul Ball, location: 2F 2-2: Ball Josh Hamilton steals 2nd base 3-2: SINGLE (Line Drive, 34D, EV 100.0 MPH) Josh Hamilton to third
|
Batting: RHB David Fernandez
|
0-0: Ball 1-0: Swinging Strike 1-1: Called Strike 1-2: Strikes out swinging
|
Batting: RHB Justin Aslinger
|
0-0: Swinging Strike 0-1: Swinging Strike 0-2: Foul Ball, location: 2F 0-2: Foul Ball, location: 2F 0-2: Ball 1-2: Foul Ball, location: 2F 1-2: Strikes out looking
|
Batting: RHB Salvador Caldera
|
0-0: SINGLE (Flyball, 8LS, EV 93.1 MPH) Josh Hamilton scores Andrew Clarke to second Runner from 2nd tries for 3rd, OUT! 8-5
|
Bottom of the 1st over - 1 run, 2 hits, 0 errors, 1 left on base; Vermont 0 - Spokane 1 |
TOP OF THE 2ND |
Vermont Lake Monsters batting - Pitching for Spokane Indians : RHP Erik Sever
|
Batting: LHB Juan Villafana
|
0-0: Called Strike 0-1: Ball 1-1: Swinging Strike 1-2: Ground out U3 (Groundball, 3L, EV 81.2 MPH)
|
Batting: RHB Tony Moran
|
0-0: Ball 1-0: Called Strike 1-1: Ground out 6-3 (Groundball, 6, EV 107.5 MPH)
|
Batting: LHB Jonathan McDaniel
|
0-0: Called Strike 0-1: Ball 1-1: Called Strike 1-2: Ground out 4-3 (Groundball, 4, EV 96.2 MPH)
|
Top of the 2nd over - 0 runs, 0 hits, 0 errors, 0 left on base; Vermont 0 - Spokane 1 |
BOTTOM OF THE 2ND |
Spokane Indians batting - Pitching for Vermont Lake Monsters : LHP Shane Stratton
|
Batting: RHB Matt Strong
|
0-0: Ball 1-0: Ball 2-0: Called Strike 2-1: Foul Ball, location: 2F 2-2: Ball 3-2: Strikes out swinging
|
Batting: RHB Dennis Daniels
|
0-0: Ball 1-0: Called Strike 1-1: Ball 2-1: Ground out 3-1 (Groundball, 34S, EV 88.8 MPH)
|
Batting: RHB Gavin Fimple
|
0-0: Ball 1-0: Ball 2-0: Ground out 6-3 (Groundball, 6M, EV 85.0 MPH)
|
Bottom of the 2nd over - 0 runs, 0 hits, 0 errors, 0 left on base; Vermont 0 - Spokane 1 |
TOP OF THE 3RD |
Vermont Lake Monsters batting - Pitching for Spokane Indians : RHP Erik Sever
|
Batting: RHB Antonio Bautista
|
0-0: Foul Ball, location: 2F 0-1: Swinging Strike 0-2: Strikes out swinging
|
Batting: RHB Hidetada Iba
|
0-0: Called Strike 0-1: Swinging Strike 0-2: Strikes out swinging
|
Batting: RHB Armando Estrada
|
0-0: Called Strike 0-1: Swinging Strike 0-2: Foul Ball, location: 2F 0-2: Ball 1-2: Ball 2-2: SINGLE (Groundball, 56S, EV 68.1 MPH) (infield hit)
|
Batting: RHB Eduardo Chavez
|
0-0: Called Strike 0-1: Ball 1-1: Ball 2-1: Ball Balk! Armando Estrada to second 3-1: Called Strike 3-2: Foul Ball, location: 2F 3-2: Foul Ball, location: 2F 3-2: Foul Ball, location: 2F 3-2: Strikes out swinging
|
Top of the 3rd over - 0 runs, 1 hit, 0 errors, 1 left on base; Vermont 0 - Spokane 1 |
BOTTOM OF THE 3RD |
Spokane Indians batting - Pitching for Vermont Lake Monsters : LHP Shane Stratton
|
Batting: RHB Brandon Davis
|
0-0: Ball 1-0: Foul Ball, location: 2F 1-1: Swinging Strike 1-2: Ball 2-2: Ground out 5-3 (Groundball, P, EV 78.1 MPH)
|
Batting: RHB Josh Hamilton
|
0-0: Ball 1-0: Foul Ball, location: 2F 1-1: Foul Ball, location: 2F 1-2: Ball 2-2: Foul Ball, location: 2F 2-2: Strikes out looking
|
Batting: RHB Andrew Clarke
|
0-0: Ground out 4-3 (Groundball, 4, EV 84.4 MPH)
|
Bottom of the 3rd over - 0 runs, 0 hits, 0 errors, 0 left on base; Vermont 0 - Spokane 1 |
TOP OF THE 4TH |
Vermont Lake Monsters batting - Pitching for Spokane Indians : RHP Erik Sever
|
Batting: LHB Chance Stever
|
0-0: Ball 1-0: Ball 2-0: Ball 3-0: Called Strike 3-1: Fly out, F8 (Flyball, 89XD, EV 107.5 MPH)
|
Batting: RHB Jonathan Gallup
|
0-0: Fly out, F7 (Flyball, 7D, EV 92.5 MPH)
|
Batting: LHB Juan Villafana
|
0-0: Ball 1-0: Called Strike 1-1: Swinging Strike 1-2: Ball 2-2: SINGLE (Flyball, 7LS, EV 98.8 MPH)
|
Batting: RHB Tony Moran
|
0-0: Ball 1-0: Called Strike 1-1: Ball Juan Villafana steals 2nd base 2-1: SINGLE (Groundball, 34D, EV 99.4 MPH) Juan Villafana to third Runner from 3rd tries for Home, throw by RF and OUT! 9-2
|
Top of the 4th over - 0 runs, 2 hits, 0 errors, 1 left on base; Vermont 0 - Spokane 1 |
BOTTOM OF THE 4TH |
Spokane Indians batting - Pitching for Vermont Lake Monsters : LHP Shane Stratton
|
Batting: RHB David Fernandez
|
0-0: Ball 1-0: Ball 2-0: Ball 3-0: Called Strike 3-1: Base on Balls
|
Batting: RHB Justin Aslinger
|
0-0: Ball 1-0: Called Strike 1-1: Ball 2-1: Foul Ball, location: 2F 2-2: Foul Ball, location: 2F 2-2: Strikes out swinging
|
Batting: RHB Salvador Caldera
|
0-0: Called Strike 0-1: Swinging Strike 0-2: Foul Ball, location: 2F 0-2: Strikes out swinging
|
Batting: RHB Matt Strong
|
0-0: Foul Ball, location: 2F 0-1: Ball 1-1: Swinging Strike 1-2: Fly out, F8 (Line Drive, 8LD, EV 93.1 MPH)
|
Bottom of the 4th over - 0 runs, 0 hits, 0 errors, 1 left on base; Vermont 0 - Spokane 1 |
TOP OF THE 5TH |
Vermont Lake Monsters batting - Pitching for Spokane Indians : RHP Erik Sever
|
Batting: LHB Jonathan McDaniel
|
0-0: Foul Ball, location: 2F 0-1: Called Strike 0-2: SINGLE (Groundball, 56, EV 100.6 MPH)
|
Batting: RHB Antonio Bautista
|
0-0: Ball 1-0: Called Strike Pickoff Throw to First - Out! 1-3 1-1: Swinging Strike 1-2: Foul Ball, location: 2F 1-2: Strikes out swinging
|
Batting: RHB Hidetada Iba
|
0-0: Ball 1-0: Ball 2-0: Foul Ball, location: 2F 2-1: Ball 3-1: Base on Balls
|
Batting: RHB Armando Estrada
|
0-0: Ball 1-0: Fly out, F9 (Flyball, 89S, EV 85.0 MPH)
|
Top of the 5th over - 0 runs, 1 hit, 0 errors, 1 left on base; Vermont 0 - Spokane 1 |
BOTTOM OF THE 5TH |
Spokane Indians batting - Pitching for Vermont Lake Monsters : LHP Shane Stratton
|
Batting: RHB Dennis Daniels
|
0-0: Called Strike 0-1: Foul Ball, location: 2F 0-2: Ball 1-2: Ground out 5-3 (Groundball, 56S, EV 73.1 MPH)
|
Batting: RHB Gavin Fimple
|
0-0: Ball 1-0: Called Strike 1-1: SINGLE (Line Drive, 4D, EV 99.4 MPH)
|
Batting: RHB Brandon Davis
|
0-0: Called Strike 0-1: Ball 1-1: Ball 2-1: Foul Ball, location: 2F 2-2: Ball 3-2: Foul Ball, location: 2F 3-2: Foul Ball, location: 2F 3-2: Foul Ball, location: 2F 3-2: Fielders Choice at 2nd, 5-4 (Groundball, 56, EV 99.4 MPH)
|
Batting: RHB Josh Hamilton
|
0-0: Called Strike 0-1: Ball 1-1: Swinging Strike 1-2: Ball Brandon Davis steals 2nd, throwing error, E2 Brandon Davis to third 2-2: Strikes out swinging
|
Bottom of the 5th over - 0 runs, 1 hit, 1 error, 1 left on base; Vermont 0 - Spokane 1 |
TOP OF THE 6TH |
Vermont Lake Monsters batting - Pitching for Spokane Indians : RHP Erik Sever
|
Batting: RHB Eduardo Chavez
|
0-0: Ball 1-0: Ball 2-0: Called Strike 2-1: Swinging Strike 2-2: Foul Ball, location: 2F 2-2: Foul Ball, location: 2F 2-2: Strikes out swinging
|
Batting: LHB Chance Stever
|
0-0: Ball 1-0: Called Strike 1-1: Fly out, F9 (Flyball, 89S, EV 90.6 MPH)
|
Batting: RHB Jonathan Gallup
|
0-0: Fly out, F8 (Flyball, 8LM, EV 82.5 MPH)
|
Top of the 6th over - 0 runs, 0 hits, 0 errors, 0 left on base; Vermont 0 - Spokane 1 |
BOTTOM OF THE 6TH |
Spokane Indians batting - Pitching for Vermont Lake Monsters : LHP Shane Stratton
|
Pitching: RHP Cory Falcon
|
|
Batting: RHB Andrew Clarke
|
0-0: Called Strike 0-1: Foul Ball, location: 2F 0-2: Ball 1-2: Fly out, F3 (Popup, 3F, EV 63.1 MPH)
|
Batting: RHB David Fernandez
|
0-0: Foul Ball, location: 2F 0-1: Ball 1-1: Called Strike 1-2: Ball 2-2: Ball 3-2: Foul Ball, location: 2F 3-2: Ground out 6-3 (Groundball, 6, EV 89.4 MPH)
|
Batting: RHB Justin Aslinger
|
0-0: Called Strike 0-1: Ground out 5-3 (Groundball, 56, EV 103.8 MPH)
|
Bottom of the 6th over - 0 runs, 0 hits, 0 errors, 0 left on base; Vermont 0 - Spokane 1 |
TOP OF THE 7TH |
Vermont Lake Monsters batting - Pitching for Spokane Indians : RHP Erik Sever
|
Now at 1B: Tony Mendez
|
|
Now at 2B: Knud Prins
|
|
Batting: LHB Juan Villafana
|
0-0: Ball 1-0: Ball 2-0: Called Strike 2-1: Foul Ball, location: 2F 2-2: Ground out 5-3 (Groundball, 56, EV 83.1 MPH)
|
Batting: RHB Tony Moran
|
0-0: Ground out 5-3 (Groundball, 56S, EV 86.2 MPH)
|
Batting: LHB Jonathan McDaniel
|
0-0: Called Strike 0-1: Fly out, F4 (Popup, 4, EV 78.8 MPH)
|
Top of the 7th over - 0 runs, 0 hits, 0 errors, 0 left on base; Vermont 0 - Spokane 1 |
BOTTOM OF THE 7TH |
Spokane Indians batting - Pitching for Vermont Lake Monsters : RHP Cory Falcon
|
Batting: RHB Salvador Caldera
|
0-0: Ball 1-0: Ball 2-0: Ball 3-0: Called Strike 3-1: Base on Balls
|
Pinch Hitting: LHB Gabriel Graves
|
|
Pitching: LHP Craig Poor
|
0-0: Ball Salvador Caldera steals 2nd base 1-0: Ground out 4-3 (Groundball, 4M, EV 106.2 MPH) Salvador Caldera to third
|
Pitching: RHP David Mejia
|
|
Pinch Hitting: LHB Alex Ramos
|
0-0: Swinging Strike 0-1: Ball 1-1: Ball 2-1: SINGLE (Line Drive, 3D, EV 101.9 MPH) Salvador Caldera scores
|
Batting: RHB Gavin Fimple
|
0-0: Ball 1-0: Called Strike 1-1: Swinging Strike 1-2: Fly out, F8 (Flyball, 8RM, EV 83.1 MPH)
|
Batting: RHB Brandon Davis
|
0-0: Called Strike 0-1: Called Strike 0-2: Strikes out swinging
|
Bottom of the 7th over - 1 run, 1 hit, 0 errors, 1 left on base; Vermont 0 - Spokane 2 |
TOP OF THE 8TH |
Vermont Lake Monsters batting - Pitching for Spokane Indians : RHP Erik Sever
|
Now at SS: Jose Guerrero
|
|
Now in RF: Jose Baez
|
|
Batting: RHB Antonio Bautista
|
0-0: Ball 1-0: Foul Ball, location: 2F 1-1: Ball 2-1: Ball 3-1: SINGLE (Line Drive, 7LS, EV 95.6 MPH)
|
Pinch Hitting: SHB Manny Trump
|
0-0: Called Strike 0-1: Ball 1-1: DOUBLE (Flyball, 8LXD, EV 98.8 MPH) Antonio Bautista to third
|
Batting: RHB Armando Estrada
|
0-0: Called Strike 0-1: Swinging Strike 0-2: Ball 1-2: Ground out 6-3 (Groundball, 6MD, EV 90.0 MPH) Antonio Bautista scores Manny Trump to third
|
Pitching: LHP Juan Garmendez
|
|
Batting: RHB Eduardo Chavez
|
0-0: Swinging Strike 0-1: Swinging Strike 0-2: Ball 1-2: Strikes out swinging
|
Pinch Hitting: RHB Casey Nicita
|
0-0: Ball 1-0: Swinging Strike 1-1: Ball 2-1: Ball 3-1: Base on Balls
|
Pitching: RHP Freddie Deitz
|
|
Batting: RHB Jonathan Gallup
|
0-0: Swinging Strike 0-1: Swinging Strike 0-2: Foul Ball, location: 2F 0-2: Ball 1-2: Ball 2-2: Ground out 2-3 (Groundball, 2L, EV 71.9 MPH)
|
Top of the 8th over - 1 run, 2 hits, 0 errors, 2 left on base; Vermont 1 - Spokane 2 |
BOTTOM OF THE 8TH |
Spokane Indians batting - Pitching for Vermont Lake Monsters : RHP David Mejia
|
Now at 2B: Eduardo Chavez
|
|
Now at 3B: Casey Nicita
|
|
Now in LF: Raita Inouye
|
|
Batting: LHB Alfonso Collazo
|
0-0: Called Strike 0-1: Ball 1-1: Ball 2-1: Ball 3-1: Base on Balls
|
Batting: RHB Tony Mendez
|
0-0: Ball 1-0: Sac Bunt to 23 - play at first, batter OUT! 3-4 Alfonso Collazo to second
|
Batting: RHB Knud Prins
|
0-0: Ball 1-0: Ground out 4-3 (Groundball, 34, EV 101.2 MPH) Alfonso Collazo to third
|
Pinch Hitting: LHB Ben Radach
|
0-0: Ball 1-0: Ball 2-0: Ball 3-0: Called Strike 3-1: Called Strike 3-2: Base on Balls
|
Batting: RHB Salvador Caldera
|
0-0: Called Strike 0-1: Ball 1-1: Swinging Strike 1-2: Ball 2-2: Ball 3-2: Strikes out looking
|
Bottom of the 8th over - 0 runs, 0 hits, 0 errors, 2 left on base; Vermont 1 - Spokane 2 |
TOP OF THE 9TH |
Vermont Lake Monsters batting - Pitching for Spokane Indians : RHP Freddie Deitz
|
Pitching: RHP Danny Murguia
|
|
Now at 3B: Yat-sen Zhu
|
|
Batting: LHB Juan Villafana
|
0-0: Ball 1-0: Called Strike 1-1: Foul Ball, location: 2F 1-2: Ball 2-2: Strikes out swinging
|
Batting: RHB Tony Moran
|
0-0: Ground out 6-3 (Groundball, 6, EV 100.6 MPH)
|
Batting: LHB Jonathan McDaniel
|
0-0: Called Strike 0-1: SINGLE (Line Drive, 8LS, EV 102.5 MPH)
|
Pinch Hitting: LHB Larry Prey
|
0-0: Called Strike 0-1: Ball 1-1: Called Strike 1-2: Ball 2-2: Foul Ball, location: 2F 2-2: Ball 3-2: Foul Ball, location: 2F 3-2: Ground out 4-3 (Groundball, 4, EV 79.4 MPH)
|
Top of the 9th over - 0 runs, 1 hit, 0 errors, 1 left on base; Vermont 1 - Spokane 2 |
|